 Dungeon Crawl Stone Soup version 0.28.0 (webtiles) character file.

Game seed: 9969077790852236191

148968 ProzacElf the Warrior (level 16, -1/150 HPs)
             Began as a Palentonga Berserker on Feb 18, 2022.
             Was a High Priest of Trog.
             Slain by a naga warrior (16 damage)
             ... on level 4 of the Snake Pit.
             The game lasted 01:16:36 (44220 turns).

ProzacElf the Warrior (Palentonga Berserker)       Turns: 44220, Time: 01:16:37

Health: -1/150     AC: 42    Str: 22    XL:     16   Next: 95%
Magic:  25/25      EV:  8    Int:  4    God:    Trog [*****.]
Gold:   594        SH: 13    Dex: 22    Spells: 15/15 levels left

rFire   + + +      SeeInvis +   a - +11 broad axe of Abomination {vorpal, Int-5 Dex+7}
rCold   + . .      Faith    +   M - +1 kite shield {AC+3}
rNeg    . . .      Spirit   .   F - +7 plate armour {rF+}
rPois   +          Reflect  .   D - +2 helmet
rElec   +          Harm     .   A - scarf {rC+ rF+}
rCorr   .          Rampage  .   x - +0 pair of gloves
Will    ++++.                   Y - +2 barding
Stlth   ..........              Z - amulet of Conversion {Faith +Inv rF+ Stlth+}
HPRegen 1.35/turn               U - ring "Jaclawk" {*Corrode rElec rPois Will+ MP+9}
MPRegen 0.19/turn               B - +4 ring of evasion

@: lethally poisoned (-1 -> -2), strong-willed, regenerating, slowed,
constricted, curled up, very slow
A: large, rugged brown scales 3, see invisible, deformed body, roll 1, armoured
tail, reflexive curl
a: Rolling Charge, Renounce Religion, Evoke Invisibility, Berserk, Trog's Hand,
Brothers in Arms


You were on level 4 of the Snake Pit.
You worshipped Trog.
Trog was extremely pleased with you.
You visited 5 branches of the dungeon, and saw 28 of its levels.

You collected 3205 gold pieces.
You spent 2611 gold pieces at shops.

Inventory:

Hand Weapons
 a - the +11 broad axe of Abomination (weapon) {vorpal, Int-5 Dex+7}
   (Trog gifted it to you on level 2 of the Orcish Mines)

   It inflicts extra damage upon your enemies.
   Int:       It affects your intelligence (-5).
   Dex:       It affects your dexterity (+7).
 b - a +1 flail of draining
 O - a +3 broad axe of draining
Missiles
 e - 46 poisoned darts (quivered)
 f - 12 javelins
 T - 13 boomerangs
Armour
 x - a +0 pair of gloves (worn)
 A - a scarf of resistance (worn)
 D - a +2 helmet (worn)
 F - a +7 plate armour of fire resistance (worn)
 M - a +1 kite shield of protection (worn)
 Y - a +2 barding (worn)
Jewellery
 r - a ring of ice
 u - a +4 ring of protection
 B - a +4 ring of evasion (right hand)
 G - a ring of willpower
 H - a ring of flight
 U - the ring "Jaclawk" (left hand) {*Corrode rElec rPois Will+ MP+9}
   (You bought it in a shop on level 2 of the Orcish Mines)

   [ring of magical power]

   rElec:     It insulates you from electricity.
   rPois:     It protects you from poison.
   MP:        It affects your magic capacity (+9).
   *Corrode:  It may corrode you when you take damage.
   Will:      It increases your willpower.
 Z - the amulet of Conversion (around neck) {Faith +Inv rF+ Stlth+}
   (You found it on level 7 of the Dungeon)

   [amulet of faith]

   It allows you to gain divine favour quickly.
   rF:        It protects you from fire.
   +Inv:      It lets you turn invisible.
   Stlth:     It makes you more stealthy.
Wands
 i - a wand of digging (1)
 t - a wand of polymorph (36)
 y - a wand of charming (9)
 I - a wand of flame (48)
 K - a wand of paralysis (10)
 P - a wand of acid (5)
 V - a wand of iceblast (18)
 X - a wand of mindburst (7)
Scrolls
 c - a scroll of magic mapping
 d - 2 scrolls of fear
 g - 3 scrolls of blinking
 o - a scroll of silence
 w - 3 scrolls of identify
 z - 2 scrolls of holy word
 E - 2 scrolls of vulnerability
 J - 3 scrolls of fog
 L - 12 scrolls of teleportation
 Q - 2 scrolls of immolation
Potions
 h - 4 potions of ambrosia {!e}
 j - 2 potions of flight
 k - 7 potions of attraction
 m - 4 potions of haste
 n - 7 potions of heal wounds
 p - 2 potions of mutation
 q - 3 potions of berserk rage
 s - 4 potions of might
 v - 5 potions of curing
 C - 3 potions of lignification
 N - a potion of cancellation
 S - 3 potions of resistance
 W - a potion of invisibility
Miscellaneous
 R - a box of beasts


   Skills:
 - Level 17.0 Fighting
 + Level 16.6 Axes
 - Level 10.0 Armour
 - Level 10.0 Dodging
 - Level 5.0 Stealth
 + Level 6.5 Shields
 - Level 15.0 Evocations


You had 15 spell levels left.
You didn't know any spells.
Your spell library was empty.

Dungeon Overview and Level Annotations

Branches:
Dungeon (15/15)            Temple (1/1) D:5            Lair (6/6) D:11
 Shoals (0/4) Lair:3        Snake (4/4) Lair:4        Slime (0/5) Lair:5
    Orc (2/2) D:9             Elf (0/3) Orc:2        Vaults (0/5) D:14
 Depths (0/4) D:15

Altars:
Ashenzari
Cheibriados
Dithmenos
Elyvilon
Fedhas
Gozag
Hepliaklqana
Kikubaaqudgha
Makhleb
Nemelex Xobeh
Okawaru
Qazlal
Ru
Sif Muna
Trog
Uskayaw
Vehumet
Wu Jian
Xom
Yredelemnul
Zin
The Shining One
Beogh
Jiyva

Shops:
D:1 [   D:2 *   Orc:1 *   Orc:2 *=*(*   Snake:1 *[

Portals:
Hell: Lair:6
Abyss: Snake:1
Pandemonium: Orc:2

Annotations:
D:11 1 runed translucent door, Jase's ghost, journeyman DrCj
D:12 3 runed translucent doors, Erghech's ghost, journeyman FeBe
D:14 36 runed doors
Lair:5 exclusion: 2 oklob plants
Snake:1 2 transporters, Razfen's ghost, adept GnWn
Orc:2 3 runed translucent doors, RighteousDevil's ghost, journeyman DDMo


Innate Abilities, Weirdness & Mutations

You are completely covered in rugged brown scales. (AC +3, +7% HP)
You have supernaturally acute eyesight. (SInv)
Armour fits poorly on your strangely shaped body.
You can roll at nearby foes to attack.
You have a long armoured tail.
You curl defensively after being hit. (AC +7*)


Message History

Ye haf difficulty breathin'.
Ye feel as though ye will be slow longer.
Tha naga warrior constricts ye.
Tha salamander hits ye but does nay damage.
Ye block tha naga warrior's attack.
Ye take 10 damage, an' haf 58/150 hp.
Ye slice tha naga warrior!!
Tha naga warrior be severely wounded.
Ye hit tha naga warrior.
Ye feel sick.
Tha naga warrior blocks yer two-headed ogre's attack.
Yer two-headed ogre hits tha naga warrior wit' a +0 dire flail!
Tha naga mage spits poison at ye.
Tha splash o' poison hits yer two-headed ogre!
Yer two-headed ogre be poison'd.
Tha naga warrior roars a battlecry!
Tha nagas go inta a battle-frenzy!
Tha naga warrior constricts ye.
Ye block tha salamander's attack.
Tha naga warrior hits ye wit' a +0 mace!!!
* * * LOW HITPOINT WARNIN'
* * * Tha naga mage hits yer two-headed ogre wit' a +0 whip!!
Tha naga mage grabs yer two-headed ogre.
Tha naga mage constricts yer two-headed ogre.
Yer two-headed ogre closely misses tha naga mage. x2
A naga comes inta view.
It be wieldin' a +0 dire flail.
Ye take 39 damage, an' haf 19/150 hp.
MASSIVE DAMAGE!!
Tha naga warrior's grasp on ye weakens, but yer attempt ta 'scape fails.
Ye feel sick.
Tha naga mage hits yer two-headed ogre wit' a +0 whip!!
Tha naga mage constricts yer two-headed ogre.
Yer two-headed ogre hits tha naga mage wit' a +0 giant spiked club!!
Yer two-headed ogre hits tha naga mage wit' a +0 dire flail!!
Tha naga mage dies!
Trog accepts yer kill.
Trog appreciates yer killin' o' a magic user.
Tha salamander barely misses ye.
Tha naga warrior spits poison at ye.
Ye block tha splash o' poison.
Tha naga warrior constricts ye.
* * * LOW HITPOINT WARNIN'
* * * Tha naga warrior hits ye wit' a +0 mace!
Ye die...

... ..#
#..# ...#
##..## .
##.)..#...
##.ONNN....
#..@N#
#.).##
##..# #...#
#...# ##..#
##.. ##..
#.


You could see 2 naga warriors, a salamander (strong), a naga (strong) and a
friendly two-headed ogre (summoned, berserk, poisoned).

Vanquished Creatures
  Rupert (D:13)
  Gastronok (D:8)
  Kirke (D:15)
  3 nagarajas
  A dire elephant (Lair:6)
  Josephine (Lair:4)
  An ettin (D:14)
  13 hydras
  A rakshasa (D:14)
  Erolcha (Orc:2)
  7 naga warriors
  2 boulder beetles
  A death knight (D:13)
  3 salamander tyrants
  2 demonspawn (Orc:2)
  6 anacondas
  6 centaur warriors
  4 two-headed ogres
  An anaconda (shapeshifter) (D:14)
  2 catoblepae
  A tengu warrior (D:13)
  5 orc high priests (Orc:2)
  6 shock serpents
  5 naga sharpshooters
  2 sun demons
  2 salamander mystics
  4 skeletal warriors (D:15)
  A shadow wraith (D:14)
  A deep elf archer (D:13)
  2 wizards
  2 naga ritualists
  A lindwurm (D:14)
  6 orc knights
  Pikel (D:8)
  5 deep elf pyromancers
  A necromancer (D:15)
  5 mana vipers
  14 salamanders
  4 cyclopes
  A wolf spider (D:15)
  8 orc sorcerers
  3 ugly things (D:15)
  3 manticores
  5 elephants
  43 black mambas
  4 guardian serpents (Snake:1)
  A smoke demon (Orc:2)
  A rust devil (Orc:2)
  16 cane toads
  12 naga magi
  2 orange demons (Lair:6)
  2 unseen horrors
  Maggie (D:7)
  Psyche (D:8)
  A gargoyle (D:11)
  8 komodo dragons
  A freezing wraith (D:15)
  2 rime drakes
  2 efreet
  A hellwing (Lair:6)
  3 tengu conjurers
  A red devil (Lair:6)
  2 ice devils (Lair:6)
  9 trolls
  A wolf spider simulacrum (D:15)
  5 polar bears
  Grinder (D:4)
  7 slime creatures
  A wind drake (Lair:3)
  Prince Ribbit (D:5)
  6 dream sheep (Lair:6)
  17 blink frogs
  Sigmund (D:5)
  6 wyverns
  6 wraiths
  2 vampires
  A ynoxinul (Orc:2)
  A hog (shapeshifter) (D:15)
  A hog (D:15)
  A basilisk (Lair:3)
  53 yaks
  Eustachio (D:4)
  9 vampire mosquitoes
  Edmund (D:5)
  2 wargs
  33 nagas
  A naga (shapeshifter) (D:13)
  Menkaure (D:7)
  17 water moccasins
  An acid dragon (D:8)
  5 hell hounds (Lair:6)
  Duvessa (D:6)
  A hornet zombie (D:15)
  An ice beast (D:8)
  32 orc warriors
  2 black bears
  2 sky beasts
  2 necrophages (D:7)
  10 ogres
  12 wolves
  20 centaurs
  A lemure (D:8)
  3 kobold brigands
  2 gnoll sergeants (D:9)
  2 wyvern zombies
  11 bullfrogs
  3 scorpions
  Dowan (D:6)
  5 killer bees
  5 wights
  9 electric eels
  2 jellies
  5 howler monkeys
  5 centaur zombies
  3 lava snakes (Snake:3)
  2 hounds (D:6)
  A bullfrog zombie (D:5)
  2 gnoll shamans (D:8)
  30 orc priests
  Crazy Yiuf (D:3)
  3 centaur skeletons
  Ijyb (D:4)
  4 iguanas
  18 orc wizards
  4 hell rats (Lair:5)
  A hound skeleton (D:4)
  A howler monkey zombie (D:6)
  15 gnolls
  4 adders
  A shadow imp (D:8)
  3 ufetubi
  A worm (D:4)
  A dart slug (D:4)
  87 orcs
  5 ball pythons
  12 bats
  3 endoplasms
  4 giant cockroaches
  9 hobgoblins
  5 jackals
  3 quokkas
  3 frilled lizards
  8 goblins
  4 kobolds
  6 rats
  A spectral orc (D:9)
824 creatures vanquished.

Vanquished Creatures (collateral kills)
  A hydra (D:14)
  2 naga magi (Snake:4)
3 creatures vanquished.

Vanquished Creatures (others)
  A basilisk (Lair:6)
  3 humans (D:15)
  27 fungi
  78 plants
109 creatures vanquished.

Grand Total: 936 creatures vanquished

Notes
Turn   | Place    | Note
-------+----------+-------------------------------------------
     0 | D:1      | ProzacElf the Palentonga Berserker began the quest for the
                  | Orb.
     0 | D:1      | Reached XP level 1. HP: 19/19 MP: 1/1
   458 | D:1      | Reached XP level 2. HP: 25/25 MP: 2/2
   672 | D:1      | Found Osmozio's Antique Armour Shoppe.
   881 | D:2      | Reached ** piety under Trog
   902 | D:2      | Reached XP level 3. HP: 24/31 MP: 3/3
  1212 | D:2      | Found Luipli's Assorted Antiques.
  1226 | D:2      | Bought a scroll labelled NYEQOL ITHAI for 19 gold pieces
  1226 | D:2      | Bought a cyan potion for 17 gold pieces
  1226 | D:2      | Bought an amethyst potion for 17 gold pieces
  1226 | D:2      | Bought a scroll labelled CEMEEK KUPNEIR for 19 gold pieces
  2232 | D:3      | Reached XP level 4. HP: 31/37 MP: 4/4
  2528 | D:3      | Noticed an ogre
  2541 | D:3      | Killed an ogre
  2542 | D:3      | Reached XP level 5. HP: 43/43 MP: 5/5
  3125 | D:3      | Found a runed translucent door.
  3126 | D:3      | Noticed Crazy Yiuf
  3136 | D:3      | Killed Crazy Yiuf
  3389 | D:4      | Noticed Ijyb
  3408 | D:4      | Killed Ijyb
  3409 | D:4      | Reached skill level 5 in Axes
  3831 | D:4      | Reached XP level 6. HP: 50/50 MP: 6/6
  3872 | D:4      | Noticed Eustachio
  3882 | D:4      | Killed Eustachio
  4095 | D:4      | Noticed Grinder
  4115 | D:4      | Killed Grinder
  4116 | D:4      | Gained mutation: You curl defensively after being hit. (AC
                  | +7*) [Palentonga growth]
  4116 | D:4      | Reached XP level 7. HP: 30/55 MP: 7/7
  4311 | D:4      | Found a broken altar of Ashenzari.
  4464 | D:4      | Reached skill level 5 in Dodging
  4905 | D:5      | Entered Level 5 of the Dungeon
  4939 | D:5      | Noticed Edmund
  4945 | D:5      | Noticed Prince Ribbit
  4952 | D:5      | Killed Edmund
  5109 | D:5      | Reached XP level 8. HP: 50/62 MP: 4/8
  5207 | D:5      | Found a sacrificial altar of Ru.
  5284 | D:5      | Found a staircase to the Ecumenical Temple.
  5293 | Temple   | Entered the Ecumenical Temple
  5422 | D:5      | Noticed Sigmund
  5434 | D:5      | Killed Sigmund
  5704 | D:5      | Killed Prince Ribbit
  6631 | D:6      | Noticed Duvessa
  6631 | D:6      | Noticed Dowan
  6642 | D:6      | Killed Dowan
  6643 | D:6      | Reached skill level 10 in Axes
  6648 | D:6      | Killed Duvessa
  6649 | D:6      | Reached skill level 1 in Evocations
  7394 | D:6      | Reached skill level 4 in Fighting
  7608 | D:7      | Noticed Maggie
  7633 | D:7      | HP: 2/55 [Maggie (1)]
  7640 | D:7      | Killed Maggie
  7641 | D:7      | Reached XP level 9. HP: 44/67 MP: 5/9
  7841 | D:1      | Bought a faintly glowing ring mail for 189 gold pieces
  7841 | D:1      | Identified the +1 ring mail of the Okapi {Str+8 Dex+7} (You
                  | bought it in a shop on level 1 of the Dungeon)
  8045 | D:7      | Reached skill level 5 in Fighting
  8163 | D:7      | Identified the amulet of Conversion {Faith +Inv rF+ Stlth+}
  8169 | D:7      | Noticed Menkaure
  8181 | D:7      | Killed Menkaure
  8182 | D:7      | Reached skill level 5 in Evocations
  9118 | D:8      | Reached *** piety under Trog
  9131 | D:8      | Reached XP level 10. HP: 61/79 MP: 10/10
  9132 | D:8      | Noticed a six-headed hydra
  9136 | D:8      | Noticed a four-headed hydra
  9439 | D:8      | Killed a seven-headed hydra
  9859 | D:8      | Reached skill level 5 in Armour
  9914 | D:8      | Killed a four-headed hydra
  9950 | D:8      | Noticed a manticore
 10175 | D:8      | Killed a manticore
 10175 | D:8      | Noticed a centaur warrior
 10583 | D:8      | Killed a centaur warrior
 10667 | D:8      | Reached XP level 11. HP: 52/84 MP: 11/11
 11206 | D:8      | Noticed Psyche
 11226 | D:8      | Killed Psyche
 11284 | D:8      | Noticed Pikel
 11297 | D:8      | Killed Pikel
 11471 | D:8      | Reached skill level 6 in Fighting
 11737 | D:9      | Noticed a two-headed ogre
 11743 | D:9      | Killed a two-headed ogre
 12254 | D:8      | Reached **** piety under Trog
 12744 | D:8      | Found an iron altar of Okawaru.
 12822 | D:8      | Noticed Gastronok
 12836 | D:8      | Killed Gastronok
 12837 | D:8      | Reached skill level 7 in Fighting
 13265 | D:9      | Found a basalt altar of Yredelemnul.
 13779 | D:9      | Found a staircase to the Orcish Mines.
 14086 | D:10     | Entered Level 10 of the Dungeon
 14107 | D:10     | Reached skill level 8 in Fighting
 14161 | D:9      | Reached skill level 15 in Axes
 14601 | D:10     | Found a white marble altar of Elyvilon.
 14603 | D:10     | Found a hazy altar of Hepliaklqana.
 14611 | D:10     | Found a stormy altar of Qazlal.
 14613 | D:10     | Found a shadowy altar of Dithmenos.
 14614 | D:10     | Found a snail-covered altar of Cheibriados.
 14620 | D:10     | Found a shimmering altar of Xom.
 14621 | D:10     | Found a bloodstained altar of Trog.
 14823 | D:10     | Found an opulent altar of Gozag.
 14828 | D:10     | Found an opulent altar of Gozag.
 14829 | D:10     | Found an opulent altar of Gozag.
 14838 | D:10     | Found an opulent altar of Gozag.
 15203 | D:10     | Found a hide-covered altar of Uskayaw.
 15328 | D:10     | Noticed a deep elf pyromancer
 15331 | D:10     | Killed a deep elf pyromancer
 15394 | D:10     | Reached XP level 12. HP: 73/100 MP: 12/12
 15500 | D:10     | Identified the +4 chain mail of Howling Wind {rElec Str+5}
 15709 | D:11     | Noticed a two-headed ogre
 15715 | D:11     | Killed a two-headed ogre
 15716 | D:11     | Reached skill level 9 in Fighting
 15761 | D:11     | Found a runed translucent door.
 15761 | D:11     | Noticed Jase's ghost (journeyman DrCj)
 15797 | D:11     | Found a staircase to the Lair.
 15888 | D:11     | Reached ***** piety under Trog
 16489 | D:11     | Noticed a two-headed ogre
 16491 | D:11     | Noticed a two-headed ogre
 16493 | D:11     | Killed a two-headed ogre
 16498 | D:11     | Killed a two-headed ogre
 16941 | D:11     | Identified a scroll of acquirement
 16941 | D:11     | Acquired a manual of Fighting
 17320 | D:11     | Reached skill level 10 in Fighting
 17385 | Lair:1   | Entered Level 1 of the Lair of Beasts
 17565 | Lair:1   | Reached skill level 11 in Fighting
 17811 | Lair:1   | Received a gift from Trog
 18124 | Lair:1   | Reached skill level 12 in Fighting
 18428 | Lair:1   | Reached skill level 13 in Fighting
 18964 | Lair:2   | Noticed a four-headed hydra
 18983 | Lair:2   | Killed a four-headed hydra
 19023 | Lair:2   | Reached skill level 14 in Fighting
 19403 | Lair:2   | Reached XP level 13. HP: 114/121 MP: 13/13
 19641 | Lair:2   | Reached skill level 15 in Fighting
 20621 | Lair:3   | Acquired a manual of Evocations
 20781 | Lair:3   | Found a staircase to the Shoals.
 21140 | Lair:4   | You fall into a shaft and drop 2 floors!
 21140 | Lair:6   | Entered Level 6 of the Lair of Beasts
 21665 | Lair:4   | Noticed Josephine
 21671 | Lair:4   | Killed Josephine
 21678 | Lair:4   | Reached skill level 16 in Fighting
 21822 | Lair:4   | Found an ornate altar of the Wu Jian Council.
 21912 | Lair:4   | Received a gift from Trog
 21946 | Lair:4   | Found a staircase to the Snake Pit.
 21996 | Lair:4   | Reached skill level 10 in Evocations
 22691 | Lair:5   | Identified the +7 long sword of Purpose {freeze, rF+ rC+}
 22915 | Lair:5   | Found a viscous altar of Jiyva.
 22916 | Lair:5   | Found a staircase to the Slime Pits.
 24260 | Lair:6   | Reached XP level 14. HP: 89/134 MP: 14/14
 24263 | Lair:6   | Reached skill level 17 in Fighting
 24913 | Lair:6   | Found an ancient bone altar of Kikubaaqudgha.
 25530 | Lair:6   | Found a burning altar of Makhleb.
 25857 | Lair:6   | Found a gateway to Hell.
 25937 | Lair:6   | Received a gift from Trog
 27008 | Orc:1    | Entered Level 1 of the Orcish Mines
 27100 | Orc:1    | Identified the +6 dagger of Qeguwn {pain, rPois}
 27116 | Orc:1    | Found Rudaorche's Assorted Antiques.
 27127 | Orc:1    | Bought a potion of heal wounds for 185 gold pieces
 27127 | Orc:1    | Bought a scroll of identify for 74 gold pieces
 27127 | Orc:1    | Bought a scroll of identify for 74 gold pieces
 27191 | Orc:2    | Entered Level 2 of the Orcish Mines
 27606 | Orc:1    | Reached skill level 15 in Evocations
 27979 | Orc:2    | Found a staircase to the Elven Halls.
 27999 | Orc:2    | Reached skill level 1 in Shields
 28416 | Orc:2    | Reached ****** piety under Trog
 28653 | Orc:2    | Noticed Erolcha
 28661 | Orc:2    | Killed Erolcha
 28663 | Orc:2    | Identified the +11 broad axe of Abomination {vorpal, Int-5
                  | Dex+7} (Trog gifted it to you on level 2 of the Orcish
                  | Mines)
 28663 | Orc:2    | Received a gift from Trog
 28935 | Orc:2    | Found Benih's General Store.
 28956 | Orc:2    | Found Ivack's General Store.
 29252 | Orc:2    | Bought a potion of resistance for 140 gold pieces
 29295 | Orc:2    | Found Deplox's General Store.
 29371 | Orc:2    | Noticed RighteousDevil's ghost (journeyman DDMo)
 29372 | Orc:2    | Found a runed translucent gate.
 29373 | Orc:2    | Found a runed translucent gate.
 29374 | Orc:2    | Found a runed translucent gate.
 29381 | Orc:2    | Identified the ring "Zexagurch" {rF+ Int+6 SInv}
 29382 | Orc:2    | Identified the +8 chain mail of Greater Demons {Regen+}
 30210 | Orc:2    | Reached XP level 15. HP: 82/143 MP: 15/15
 30404 | Orc:2    | Received a gift from Trog
 30531 | Orc:2    | Found Nozuid's Jewellery Emporium.
 30531 | Orc:2    | Found Goipreopp's Antique Weapon Shoppe.
 30531 | Orc:2    | Found a one-way gate leading to the halls of Pandemonium.
 30537 | Orc:2    | Bought the ring "Jaclawk" {*Corrode rElec rPois Will+ MP+9}
                  | for 458 gold pieces
 30972 | D:12     | Found a runed translucent gate.
 30972 | D:12     | Found a runed translucent gate.
 30972 | D:12     | Found a runed translucent gate.
 30977 | D:12     | Noticed Erghech's ghost (journeyman FeBe)
 31511 | D:13     | Reached skill level 5 in Shields
 32500 | D:13     | Noticed Rupert
 32516 | D:13     | Killed Rupert
 32517 | D:13     | Reached skill level 1 in Stealth
 33543 | D:14     | Found a huge runed gate.
 33543 | D:14     | Found a huge runed gate.
 33543 | D:14     | Found a huge runed gate.
 33548 | D:14     | Found a huge runed gate.
 33548 | D:14     | Found a huge runed gate.
 33548 | D:14     | Found a huge runed gate.
 33549 | D:14     | Found a huge runed gate.
 33549 | D:14     | Found a huge runed gate.
 33549 | D:14     | Found a huge runed gate.
 33549 | D:14     | Found a huge runed gate.
 33557 | D:14     | Found a huge runed gate.
 33557 | D:14     | Found a huge runed gate.
 33557 | D:14     | Found a huge runed gate.
 33557 | D:14     | Found a huge runed gate.
 33557 | D:14     | Found a huge runed gate.
 33557 | D:14     | Found a huge runed gate.
 33558 | D:14     | Found a huge runed gate.
 33559 | D:14     | Found a huge runed gate.
 33560 | D:14     | Found a huge runed gate.
 33569 | D:14     | Found a huge runed gate.
 33569 | D:14     | Found a huge runed gate.
 33569 | D:14     | Found a huge runed gate.
 33569 | D:14     | Found a huge runed gate.
 33571 | D:14     | Found a huge runed gate.
 33573 | D:14     | Found a huge runed gate.
 33574 | D:14     | Found a huge runed gate.
 33575 | D:14     | Found a huge runed gate.
 33576 | D:14     | Found a huge runed gate.
 33584 | D:14     | Found a huge runed gate.
 33584 | D:14     | Found a huge runed gate.
 33584 | D:14     | Found a huge runed gate.
 33584 | D:14     | Found a huge runed gate.
 33584 | D:14     | Found a huge runed gate.
 33837 | D:14     | Found a gate to the Vaults.
 34014 | D:14     | Received a gift from Trog
 35009 | D:14     | Found a huge runed gate.
 35010 | D:14     | Found a huge runed gate.
 35011 | D:14     | Found a huge runed gate.
 35264 | D:15     | Entered Level 15 of the Dungeon
 35594 | D:15     | Noticed Kirke
 35605 | D:15     | Killed Kirke
 36187 | D:15     | Found a staircase to the Depths.
 36678 | Snake:1  | Entered Level 1 of the Snake Pit
 36721 | Snake:1  | Found Ycojodiak's Antique Armour Shoppe.
 36835 | Snake:1  | Bought a runed plate armour for 1144 gold pieces
 36981 | Snake:1  | Noticed a tentacled starspawn
 36981 | Snake:1  | Noticed a tentacled starspawn
 36992 | Snake:1  | Found a transporter.
 37020 | Snake:1  | Received a gift from Trog
 37083 | Snake:1  | Reached XP level 16. HP: 95/150 MP: 16/16
 37398 | Snake:1  | Found a transporter.
 37479 | Snake:1  | Noticed a Hell Sentinel
 37487 | Snake:1  | Noticed Razfen's ghost (adept GnWn)
 37496 | Snake:1  | Found a one-way gate to the infinite horrors of the Abyss.
 37860 | Snake:1  | Found Zaruneil's Assorted Antiques.
 37865 | Snake:1  | Bought a scroll of enchant armour for 217 gold pieces
 37865 | Snake:1  | Bought a wand of charming (4) for 58 gold pieces
 38440 | Snake:1  | Reached skill level 5 in Stealth
 39528 | Snake:2  | Reached skill level 10 in Armour
 39915 | Snake:2  | Identified the +9 spear "Ochi" {vorpal, *Noise rElec Int+4}
 39995 | Snake:2  | Received a gift from Trog
 41952 | Snake:2  | Reached skill level 10 in Dodging
 43166 | Snake:3  | Identified the +4 battleaxe "Ilohoom" {vorpal, rPois rN+++
                  | Int-5 SInv} (Trog gifted it to you on level 3 of the Snake
                  | Pit)
 43166 | Snake:3  | Received a gift from Trog
 43551 | Snake:4  | Entered Level 4 of the Snake Pit
 44220 | Snake:4  | Slain by a naga warrior

Illustrated notes

Levels and vault maps discovered:
D:1:      doesnt_arrival_eight_statues, layout_basic, serial_shops, shop_coins
D:2:      layout_basic, serial_shops, nicolae_shop_behind_doors
D:3:      layout_loops_ring, minmay_curled_crystal, uniq_crazy_yiuf_cottage
D:4:      layout_basic, marbit_many_paths, uniq_eustachio, uniq_ijyb,
          uniq_grinder
D:5:      layout_loops_ring, mainiacjoe_overflow_six_doors_small,
          temple_doors_e, nrook_uturn, uniq_sigmund, uniq_edmund,
          uniq_prince_ribbit1
D:6:      layout_basic, uniq_duvessa
D:7:      layout_gridville, uniq_maggie, uniq_menkaure
D:8:      nzn_winding_woodlands_stair_cross
          [nzn_winding_woodlands_5x15_concentric,
          nzn_winding_woodlands_center_garden, nzn_winding_woodlands_5x15_eye,
          nzn_winding_woodlands_5x5_cross, nzn_winding_woodlands_5x5_open_star,
          nzn_winding_woodlands_5x15_jagged,
          nzn_winding_woodlands_center_triple_pond,
          nzn_winding_woodlands_5x15_cabin], layout_gridville,
          mainiacjoe_overflow_alcove_4, uniq_pikel, uniq_gastronok, uniq_psyche
D:9:      layout_basic, yredelemnul_forgotten_temple_becter, hiddenorc1_lemuel,
          hangedman_decor_slide_cut
D:10:     layout_cross, nicolae_gozag_conspicuous_consumption,
          mainiacjoe_overflow_concentric_impassable,
          nicolae_overflow_hallway_of_the_gods
D:11:     layout_basic, lair_entry_dummy, gammafunk_ghost_grave
D:12:     layout_roguey, maelrawn_ghost_gauntlet_escape
D:13:     layout_irregular_city, kennysheep_generic_room_16, uniq_rupert
D:14:     layout_basic, david_vaults_4, door_vault
D:15:     grunt_enter_depths_magical_seal, layout_irregular_city,
          chequers_serial_rivers_micro_a, uniq_kirke
Temple:   nicolae_temple_figure_zero
Lair:1:   layout_misc_corridors, guppyfry_lair_drakes, grunt_megastairs_1,
          lemuel_fruit_fields, infiniplex_staircase_pool
Lair:2:   layout_hall_layers, st_stairs_12
Lair:3:   layout_loops_ring, minmay_shoals_entry_beasts, grunt_megastairs_4
Lair:4:   wad_woods_stonehenge, layout_regular_city,
          minmay_snake_entry_six_corridors, serial_bayou_shore_b, uniq_josephine
Lair:5:   layout_cellular_growth, slime_altar_1, serial_bayou_pond_e,
          minmay_lair_oklob_bushes
Lair:6:   evil_forest, layout_misc_corridors, basic_altar,
          gammafunk_lair_bear_cave, serial_bayou_shore_b
Snake:1:  nicolae_snake_unarmed_stairs_patrol, layout_gridlike, serial_shops,
          shop, gammafunk_ghost_abyssal_escape, serial_bayou_shore_a,
          minmay_shop_star, grunt_megastairs_5
Snake:2:  layout_cave_pods
Snake:3:  layout_basic, drop_trap, grunt_megastairs_3
Snake:4:  hellmonk_snake_rune_quicksilver_temple, layout_cave_town,
          nicolae_shop_overcharged_wands, uniq_saint_roka
Orc:1:    layout_caves, serial_shops, nicolae_square_shop,
          nicolae_orc_sculptors_studio
Orc:2:    pf_orc_diabolical, layout_diamond_mine, biasface_ghost_orc_armoury,
          serial_shops, nicolae_shop_stone, uniq_erolcha

Skill      XL: |  1  2  3  4  5  6  7  8  9 10 11 12 13 14 15 16 |
---------------+-------------------------------------------------+-----
Dodging        | 2 3 4 5 7 10 | 10.0
Axes           | 4 5 6 7 10 13 15 16 | 16.6
Evocations     | 3 5 11 15 | 15.0
Fighting       | 4 5 8 14 16 17 | 17.0
Armour         | 3 5 6 9 10 | 10.0
Shields        | 4 5 6 |  6.5
Stealth        | 4 5 |  5.0

Action                   |  1- 3 |  4- 6 |  7- 9 | 10-12 | 13-15 | 16-18 || total
-------------------------+-------+-------+-------+-------+-------+-------++-------
Melee: Hand axe          |   143 |    98 |   198 |       |       |       ||   439
       Tailslap          |    11 |    20 |    41 |    79 |   194 |    93 ||   438
       Punch             |     1 |     2 |     5 |     1 |       |       ||     9
       War axe           |       |       |    47 |       |       |       ||    47
       Broad axe         |       |       |    58 |   523 |   964 |   416 ||  1961
       Quarterstaff      |       |       |       |    10 |       |       ||    10
       Unarmed           |       |       |       |    10 |       |       ||    10
       Flail             |       |       |       |     4 |    56 |       ||    60
Throw: Javelin           |       |     3 |       |       |       |       ||     3
       Dart              |       |       |    14 |     3 |       |       ||    17
Invok: Berserk           |       |     5 |     8 |    13 |    11 |     3 ||    40
       Trog's Hand       |       |     1 |     3 |     1 |     3 |     3 ||    11
       Brothers in Arms  |       |       |       |       |       |     1 ||     1
 Abil: Rolling Charge    |       |       |     2 |     5 |     8 |     2 ||    17
Evoke: Wand              |       |       |       |     2 |     3 |       ||     5
       Box of beasts     |       |       |       |       |     1 |       ||     1
  Use: Potion            |       |       |     3 |     2 |     2 |     1 ||     8
       Scroll            |       |       |     6 |    17 |    10 |     6 ||    39
 Stab: Sleeping          |       |       |       |     2 |       |       ||     2
       Petrified         |       |       |       |       |     4 |       ||     4
Armor: Animal skin       |    71 |       |       |       |       |       ||    71
       Ring mail         |     8 |    23 |    31 |   139 |       |       ||   201
       Leather armour    |       |     4 |    62 |       |       |       ||    66
       Skin              |       |       |       |     4 |       |       ||     4
       Chain mail        |       |       |       |    86 |   488 |     5 ||   579
       Plate armour      |       |       |       |       |       |   178 ||   178
Dodge: Dodged            |    82 |    38 |   133 |   221 |   406 |   143 ||  1023
Block: Kite shield       |       |       |       |   169 |   535 |   289 ||   993
